PAA
TACOMA FUR TRADERS @ NORTHVILLE ECLIPSE
08/02/2031
 
TOP OF THE 1ST
Tacoma Fur Traders batting - Pitching for Northville Eclipse : LHP Nobuhito Tanaka
Pitching: LHP Nobuhito Tanaka
Batting: RHB Ricardo Sandoval 0-0: Foul Ball, location: 2F
0-1: Swinging Strike
0-2: Ball
1-2: Strikes out swinging
Batting: SHB Gilberto Chávez 0-0: Ball
1-0: Called Strike
1-1: Ball
2-1: Ball
3-1: Base on Balls
Batting: RHB Daryl Yandell 0-0: DOUBLE (Line Drive, 8LD)
Gilberto Chávez to third
Runner from 3rd tries for Home, SAFE, no throw
Batting: RHB John Fitzgerald 0-0: Foul Ball, location: 2F
0-1: Ball
Wild Pitch!
Daryl Yandell to third
1-1: Ground out 4-3 (Groundball, 4)
Daryl Yandell scores
Batting: RHB Mike Case 0-0: Ball
1-0: Ball
2-0: Foul Ball, location: 2F
2-1: Ball
3-1: Foul Ball, location: 2F
3-2: Foul Ball, location: 2F
3-2: Foul Ball, location: 2F
3-2: Foul Ball, location: 2F
3-2: Ground out U3 (Groundball, 3)
Top of the 1st over - 2 runs, 1 hit, 0 errors, 0 left on base; Tacoma 2 - Northville 0
BOTTOM OF THE 1ST
Northville Eclipse batting - Pitching for Tacoma Fur Traders : RHP Álex Hernández
Pitching: RHP Álex Hernández
Batting: RHB Alfonso Grappasonni 0-0: Swinging Strike
0-1: Foul Ball, location: 2F
0-2: Ball
1-2: Fly out, F7 (Flyball, 7)
Batting: LHB Lonnie Murray 0-0: DOUBLE (Flyball, 8LXD)
Batting: SHB Quentin Harrop 0-0: Ball
1-0: Foul Ball, location: 2F
1-1: Foul Ball, location: 2F
1-2: Ball
2-2: Foul Ball, location: 2F
2-2: Ball
Wild Pitch!
Lonnie Murray to third
3-2: Foul Ball, location: 2F
3-2: Foul Ball, location: 2F
3-2: Ground out 6-3 (Groundball, 6)
Lonnie Murray scores
Batting: RHB Syed Sarkar 0-0: Foul Ball, location: 2F
0-1: Ball
1-1: Swinging Strike
1-2: Foul Ball, location: 2F
1-2: Ball
2-2: Ball
3-2: Base on Balls
Batting: LHB Kade Eagleton 0-0: Called Strike
0-1: SINGLE (Groundball, 34D)
Syed Sarkar to second
Runner from 2nd tries for 3rd, SAFE, throw made to third
Batting: RHB Chang-lit Min 0-0: Ball
1-0: Foul Ball, location: 2F
1-1: Called Strike
1-2: Ball
2-2: Ball
3-2: Foul Ball, location: 2F
3-2: Strikes out swinging
Bottom of the 1st over - 1 run, 2 hits, 0 errors, 2 left on base; Tacoma 2 - Northville 1
TOP OF THE 2ND
Tacoma Fur Traders batting - Pitching for Northville Eclipse : LHP Nobuhito Tanaka
Batting: RHB Alan Patterson 0-0: Ball
1-0: Foul Ball, location: 2F
1-1: Foul Ball, location: 2F
1-2: Foul Ball, location: 2F
1-2: Ball
2-2: Ball
3-2: Foul Ball, location: 2F
3-2: Foul Ball, location: 2F
3-2: Base on Balls
Batting: RHB Michael Palledorous 0-0: Ball
1-0: Foul Ball, location: 2F
1-1: Ball
2-1: Ball
3-1: Called Strike
3-2: Base on Balls
Alan Patterson to second
Batting: RHB Gerardo Herváz 0-0: Called Strike
0-1: Ball
1-1: Called Strike
1-2: Strikes out looking
Batting: RHB Bill Perkins 0-0: Called Strike
Alan Patterson steals 3rd base
0-1: Foul Ball, location: 2F
0-2: Foul Ball, location: 2F
0-2: Ball
1-2: Ball
2-2: Ball
Passed Ball!
Alan Patterson scores
Michael Palledorous to second
3-2: SINGLE (Groundball, 6MD)
Michael Palledorous to third
Runner from 3rd tries for Home, throw and OUT!
Batting: RHB Ricardo Sandoval 0-0: Ball
1-0: Ground out 4-3 (Groundball, 4)
Top of the 2nd over - 1 run, 1 hit, 0 errors, 1 left on base; Tacoma 3 - Northville 1
BOTTOM OF THE 2ND
Northville Eclipse batting - Pitching for Tacoma Fur Traders : RHP Álex Hernández
Batting: RHB Wallace Bane 0-0: Ground out 5-3 (Groundball, 56S)
Batting: LHB Marvello Obra 0-0: Ball
1-0: Called Strike
1-1: Ball
2-1: Ball
3-1: Swinging Strike
3-2: Foul Ball, location: 2F
3-2: Base on Balls
Batting: RHB Sidney Mackell 0-0: Called Strike
0-1: Ball
1-1: Swinging Strike
1-2: Strikes out swinging
Batting: RHB Alfonso Grappasonni 0-0: Called Strike
0-1: Ball
1-1: Called Strike
1-2: Foul Ball, location: 2F
1-2: Foul Ball, location: 2F
1-2: Foul Ball, location: 2F
1-2: Ball
2-2: Ball
3-2: Ground out 5-3 (Groundball, 5S)
Bottom of the 2nd over - 0 runs, 0 hits, 0 errors, 1 left on base; Tacoma 3 - Northville 1
TOP OF THE 3RD
Tacoma Fur Traders batting - Pitching for Northville Eclipse : LHP Nobuhito Tanaka
Batting: SHB Gilberto Chávez 0-0: Called Strike
0-1: Foul Ball, location: 2F
0-2: Strikes out swinging
Batting: RHB Daryl Yandell 0-0: Foul Ball, location: 2F
0-1: Called Strike
0-2: Strikes out swinging
Batting: RHB John Fitzgerald 0-0: Fly out, F4 (Popup, 4)
Top of the 3rd over - 0 runs, 0 hits, 0 errors, 0 left on base; Tacoma 3 - Northville 1
BOTTOM OF THE 3RD
Northville Eclipse batting - Pitching for Tacoma Fur Traders : RHP Álex Hernández
Batting: LHB Lonnie Murray 0-0: Foul Ball, location: 2F
0-1: Ground out 4-3 (Groundball, 4M)
Batting: SHB Quentin Harrop 0-0: Foul Ball, location: 2F
0-1: Swinging Strike
0-2: Strikes out swinging
Batting: RHB Syed Sarkar 0-0: Called Strike
0-1: Ground out 6-3 (Groundball, 56D)
Bottom of the 3rd over - 0 runs, 0 hits, 0 errors, 0 left on base; Tacoma 3 - Northville 1
TOP OF THE 4TH
Tacoma Fur Traders batting - Pitching for Northville Eclipse : LHP Nobuhito Tanaka
Batting: RHB Mike Case 0-0: Called Strike
0-1: Fly out, F9 (Line Drive, 9)
Batting: RHB Alan Patterson 0-0: Called Strike
0-1: Ball
1-1: Ball
2-1: Called Strike
2-2: Ball
3-2: Fly out, F8 (Flyball, 8RD)
Batting: RHB Michael Palledorous 0-0: Called Strike
0-1: Swinging Strike
0-2: Ball
1-2: Foul Ball, location: 2F
1-2: Ground out 3-1 (Groundball, 34S)
Top of the 4th over - 0 runs, 0 hits, 0 errors, 0 left on base; Tacoma 3 - Northville 1
BOTTOM OF THE 4TH
Northville Eclipse batting - Pitching for Tacoma Fur Traders : RHP Álex Hernández
Batting: LHB Kade Eagleton 0-0: Called Strike
0-1: Called Strike
0-2: Ball
1-2: Foul Ball, location: 2F
1-2: Ball
2-2: Strikes out swinging
Batting: RHB Chang-lit Min 0-0: Called Strike
0-1: Ball
1-1: Swinging Strike
1-2: Ball
2-2: Foul Ball, location: 2F
2-2: Fly out, F7 (Flyball, 7)
Batting: RHB Wallace Bane 0-0: Ball
1-0: Ball
2-0: Foul Ball, location: 2F
2-1: Ground out 1-3 (Groundball, P)
Bottom of the 4th over - 0 runs, 0 hits, 0 errors, 0 left on base; Tacoma 3 - Northville 1
TOP OF THE 5TH
Tacoma Fur Traders batting - Pitching for Northville Eclipse : LHP Nobuhito Tanaka
Batting: RHB Gerardo Herváz 0-0: SINGLE (Groundball, 56) (infield hit)
Batting: RHB Bill Perkins 0-0: Called Strike
0-1: Foul Ball, location: 2F
0-2: Ball
1-2: Strikes out swinging
Batting: RHB Ricardo Sandoval 0-0: Ball
Gerardo Herváz steals 2nd base
1-0: Ball
2-0: Foul Ball, location: 2F
2-1: Ground out U3 (Groundball, 3)
Gerardo Herváz to third
Batting: SHB Gilberto Chávez 0-0: Called Strike
0-1: Ball
1-1: SINGLE (Groundball, 56S) (infield hit)
Gerardo Herváz scores
Pinch Runner at 1st Stan Wheeler:
Batting: RHB Daryl Yandell 0-0: Foul Ball, location: 2F
0-1: Ball
1-1: Swinging Strike
1-2: DOUBLE (Flyball, 8RXD)
Stan Wheeler to third
Runner from 3rd tries for Home, SAFE, no throw
Batting: RHB John Fitzgerald 0-0: Ball
1-0: Called Strike
1-1: Called Strike
1-2: Foul Ball, location: 2F
1-2: Strikes out swinging
Top of the 5th over - 2 runs, 3 hits, 0 errors, 1 left on base; Tacoma 5 - Northville 1
BOTTOM OF THE 5TH
Northville Eclipse batting - Pitching for Tacoma Fur Traders : RHP Álex Hernández
Now at 2B: Stan Wheeler
Batting: LHB Marvello Obra 0-0: Ball
1-0: Ball
2-0: Called Strike
2-1: Ball
3-1: SINGLE (Groundball, 3) (infield hit)
Batting: RHB Sidney Mackell 0-0: Ball
1-0: Called Strike
1-1: Ball
2-1: Ball
3-1: Base on Balls
Marvello Obra to second
Batting: RHB Alfonso Grappasonni 0-0: Foul Ball, location: 2F
0-1: Foul Ball, location: 2F
0-2: SINGLE (Line Drive, 9LS)
Marvello Obra to third
Sidney Mackell to second
Batting: LHB Lonnie Murray 0-0: SINGLE (Flyball, 7S)
Marvello Obra scores
Sidney Mackell to third
Alfonso Grappasonni to second
Batting: SHB Quentin Harrop 0-0: Ball
1-0: Swinging Strike
1-1: Ball
2-1: Grounds into double play, 4-6-3 (Groundball, 4)
Sidney Mackell scores
Alfonso Grappasonni to third
Batting: RHB Syed Sarkar 0-0: Ball
1-0: Fly out, F6 (Popup, 6D)
Bottom of the 5th over - 2 runs, 3 hits, 0 errors, 1 left on base; Tacoma 5 - Northville 3
TOP OF THE 6TH
Tacoma Fur Traders batting - Pitching for Northville Eclipse : LHP Nobuhito Tanaka
Batting: RHB Mike Case 0-0: Ball
1-0: Swinging Strike
1-1: SINGLE (Line Drive, 89M)
Batting: RHB Alan Patterson 0-0: Ball
1-0: Sac Bunt - play at first, batter OUT! 1-4
Mike Case to second
Batting: RHB Michael Palledorous 0-0: Ball
1-0: Called Strike
1-1: Called Strike
1-2: Foul Ball, location: 2F
1-2: Ball
2-2: Ball
3-2: Ground out 6-3 (Groundball, 56)
Batting: RHB Gerardo Herváz 0-0: Called Strike
0-1: SINGLE (Line Drive, 9S)
Mike Case to third
Pitching: RHP José Quintero
Batting: RHB Bill Perkins 0-0: Called Strike
0-1: Swinging Strike
0-2: Strikes out swinging
Top of the 6th over - 0 runs, 2 hits, 0 errors, 2 left on base; Tacoma 5 - Northville 3
BOTTOM OF THE 6TH
Northville Eclipse batting - Pitching for Tacoma Fur Traders : RHP Álex Hernández
Batting: LHB Kade Eagleton 0-0: Called Strike
0-1: Ball
1-1: Called Strike
1-2: Foul Ball, location: 2F
1-2: SOLO HOME RUN (Flyball, 9D), Distance : 410 ft
Batting: RHB Chang-lit Min 0-0: Called Strike
0-1: Ground out U3 (Groundball, 23)
Batting: RHB Wallace Bane 0-0: Ball
1-0: TRIPLE (Flyball, 8RXD)
Batting: LHB Marvello Obra 0-0: Ball
1-0: Swinging Strike
1-1: Ball
2-1: Foul Ball, location: 2F
2-2: Foul Ball, location: 2F
2-2: Ball
3-2: Foul Ball, location: 2F
3-2: Base on Balls
Pitching: RHP Jeff Pearce
Batting: RHB Sidney Mackell 0-0: Called Strike
0-1: Swinging Strike
0-2: Strikes out swinging
Batting: RHB Alfonso Grappasonni 0-0: Ball
1-0: Ball
2-0: Foul Ball, location: 2F
2-1: Called Strike
2-2: Ball
3-2: Ground out 5-3 (Groundball, 56S)
Bottom of the 6th over - 1 run, 2 hits, 0 errors, 2 left on base; Tacoma 5 - Northville 4
TOP OF THE 7TH
Tacoma Fur Traders batting - Pitching for Northville Eclipse : RHP José Quintero
Batting: RHB Ricardo Sandoval 0-0: Called Strike
0-1: Foul Ball, location: 2F
0-2: Strikes out swinging
Batting: RHB Stan Wheeler 0-0: Ball
1-0: Called Strike
1-1: Ball
2-1: Foul Ball, location: 2F
2-2: Fly out, F7 (Line Drive, 7)
Batting: RHB Daryl Yandell 0-0: Ball
1-0: Ball
2-0: SOLO HOME RUN (Line Drive, 7LD), Distance : 368 ft
Batting: RHB John Fitzgerald 0-0: Called Strike
0-1: SINGLE (Groundball, 6D)
Batting: RHB Mike Case 0-0: Fly out, F6 (Popup, 15S)
Top of the 7th over - 1 run, 2 hits, 0 errors, 1 left on base; Tacoma 6 - Northville 4
BOTTOM OF THE 7TH
Northville Eclipse batting - Pitching for Tacoma Fur Traders : RHP Jeff Pearce
Batting: LHB Lonnie Murray 0-0: Ball
1-0: Foul Ball, location: 2F
1-1: Called Strike
1-2: Ball
2-2: Ground out 1-3 (Groundball, 13)
Batting: SHB Quentin Harrop 0-0: Foul Ball, location: 2F
0-1: Called Strike
0-2: Foul Ball, location: 2F
0-2: Foul Ball, location: 2F
0-2: Ball
1-2: Foul Ball, location: 2F
1-2: Strikes out looking
Batting: RHB Syed Sarkar 0-0: Swinging Strike
0-1: Ball
1-1: Fly out, F5 (Popup, 5F)
Bottom of the 7th over - 0 runs, 0 hits, 0 errors, 0 left on base; Tacoma 6 - Northville 4
TOP OF THE 8TH
Tacoma Fur Traders batting - Pitching for Northville Eclipse : RHP José Quintero
Batting: RHB Alan Patterson 0-0: Called Strike
0-1: Ground out 5-3 (Groundball, 56)
Batting: RHB Michael Palledorous 0-0: Foul Ball, location: 2F
0-1: Ground out 6-3 (Groundball, 6M)
Batting: RHB Gerardo Herváz 0-0: Called Strike
0-1: Ball
1-1: Ball
2-1: Foul Ball, location: 2F
2-2: Strikes out swinging
Top of the 8th over - 0 runs, 0 hits, 0 errors, 0 left on base; Tacoma 6 - Northville 4
BOTTOM OF THE 8TH
Northville Eclipse batting - Pitching for Tacoma Fur Traders : RHP Jeff Pearce
Batting: LHB Kade Eagleton 0-0: Ball
1-0: Swinging Strike
1-1: Ball
2-1: Ball
3-1: Base on Balls
Batting: RHB Chang-lit Min 0-0: Ball
1-0: SINGLE (Groundball, 6MD)
Kade Eagleton to second
Runner from 2nd tries for 3rd, SAFE, no throw
Pitching: RHP Inocencio Galló
Batting: RHB Wallace Bane 0-0: Called Strike
0-1: Swinging Strike
0-2: Ground out 5-3 (Groundball, 56)
Chang-lit Min to second
Batting: LHB Marvello Obra 0-0: Called Strike
0-1: Ball
1-1: Foul Ball, location: 2F
1-2: Ball
2-2: Ball
3-2: Fly out, F8 (Flyball, 78D)
Throwing error, E8
Kade Eagleton scores
Chang-lit Min to third
Pinch Hitting: LHB Arturo Gonzáles 0-0: Ball
1-0: Foul Ball, location: 2F
1-1: Called Strike
1-2: Ground out 6-3 (Groundball, 6D)
Bottom of the 8th over - 1 run, 1 hit, 1 error, 1 left on base; Tacoma 6 - Northville 5
TOP OF THE 9TH
Tacoma Fur Traders batting - Pitching for Northville Eclipse : RHP José Quintero
Now in LF: Arturo Gonzáles
Batting: RHB Bill Perkins 0-0: Ball
1-0: Ball
2-0: Called Strike
2-1: Ball
3-1: Swinging Strike
3-2: Fly out, F9 (Flyball, 9LM)
Batting: RHB Ricardo Sandoval 0-0: Swinging Strike
0-1: Called Strike
0-2: Ball
1-2: Foul Ball, location: 2F
1-2: Strikes out looking
Batting: RHB Stan Wheeler 0-0: Ball
1-0: Foul Ball, location: 2F
1-1: Swinging Strike
1-2: Foul Ball, location: 2F
1-2: Ball
2-2: Ball
3-2: Base on Balls
Batting: RHB Daryl Yandell 0-0: Called Strike
Stan Wheeler steals 2nd base
0-1: Ball
1-1: Ball
2-1: Ground out 5-3 (Groundball, 56)
Top of the 9th over - 0 runs, 0 hits, 0 errors, 1 left on base; Tacoma 6 - Northville 5
BOTTOM OF THE 9TH
Northville Eclipse batting - Pitching for Tacoma Fur Traders : RHP Inocencio Galló
Pitching: RHP Justin Barber
Batting: RHB Alfonso Grappasonni 0-0: Ball
1-0: Ball
2-0: Ball
3-0: Base on Balls
Batting: LHB Lonnie Murray 0-0: Ball
1-0: Ball
2-0: Called Strike
2-1: Ball
3-1: 2-RUN HOME RUN (Line Drive, 9D), Distance : 392 ft
Tuesday, June 12th, 2018 - OOTP Baseball 18.8 Build 76